 Dungeon Crawl Stone Soup version 0.30-a0-149-g7f746667c4 (webtiles) character file.

Game seed: 708946604575716256

268 Sobieck the Covert (level 6, 0/30 HPs)
             Began as a Vine Stalker Brigand on Sept 26, 2022.
             Frozen to death by an endoplasm (3 damage)
             ... on level 4 of the Dungeon.
             The game lasted 00:05:32 (3313 turns).

Sobieck the Covert (Vine Stalker Brigand)           Turns: 3313, Time: 00:05:32

Health: 0/30       AC:  4    Str: 14    XL:     6   Next: 21%
Magic:  0/7        EV: 11    Int: 11    God:
Gold:   178        SH:  4    Dex: 17    Spells: 5/5 levels left

rFire   . . .      SeeInvis .    a - +2 dagger {short}
rCold   . . .      Faith    .    I - +0 buckler
rNeg    . . .      Spirit   +    b - +0 robe
rPois   .          Reflect  .    (no helmet)
rElec   .          Harm     .    c - +0 cloak
rCorr   .          Rampage  .    q - +0 pair of gloves
Will    .....                    (no boots)
Stlth   ++++......               (no amulet)
HPRegen 0.90/turn                (no ring)
MPRegen 0.10/turn                (no ring)

@: no status effects
A: fangs 2, regeneration 1, magic shield, antimagic bite, no potion heal 2
a: no special abilities


You were on level 4 of the Dungeon.
You visited 1 branch of the dungeon, and saw 4 of its levels.

You collected 178 gold pieces.


Innate Abilities, Weirdness & Mutations

You have extremely sharp teeth.
Your natural rate of healing is unusually fast.
When hurt, damage is shared between your health and your magic reserves.
Your bite disrupts and absorbs the magic of your enemies.
Potions cannot restore your health.


   Skills:
 - Level 1.7 Fighting
 - Level 2.0 Short Blades
 - Level 1.7 Throwing
 - Level 0.7 Dodging
 + Level 9.2 Stealth


You had 5 spell levels left.
You didn't know any spells.
Your spell library contained the following spells:

 Spells                   Type           Power      Damage    Failure   Level
 Slow                     Hex            0%         N/A       43%         1
 Ensorcelled Hibernation  Hex/Ice        0%         N/A       58%         2
 Passwall                 Tmut/Erth      0%         N/A       58%         2
 Confusing Touch          Hex            0%         N/A       82%         3
 Swiftness                Air            0%         N/A       82%         3
 Vampiric Draining        Necr           0%         2d6       82%         3

Inventory:

Hand Weapons
 a - a +2 dagger (weapon) {short}
 j - a +0 whip of freezing {mace}
   (You took it off a kobold on level 4 of the Dungeon)
 n - a +0 short sword {short}
   (You found it on level 1 of the Dungeon)
 A - a +0 short sword {short}
   (You took it off a kobold on level 2 of the Dungeon)
Missiles
 d - 8 poisoned darts (quivered) {throwing}
 e - 3 curare-tipped darts {=fthrowing}
 g - 54 stones {throwing}
Armour
 b - a +0 robe (worn)
 c - a +0 cloak (worn)
 f - a +0 robe
   (You found it on level 1 of the Dungeon)
 l - a +0 plate armour
   (You found it on level 1 of the Dungeon)
 p - a +0 robe
   (You found it on level 1 of the Dungeon)
 q - a +0 pair of gloves (worn)
   (You found it on level 1 of the Dungeon)
 C - a +0 chain mail
   (You found it on level 3 of the Dungeon)
 D - a +0 scale mail
   (You found it on level 3 of the Dungeon)
 E - a +0 scale mail
   (You found it on level 3 of the Dungeon)
 F - a +0 scale mail
   (You took it off an orc on level 3 of the Dungeon)
 I - a +0 buckler (worn)
   (You found it on level 3 of the Dungeon)
 J - a +0 plate armour
   (You found it on level 3 of the Dungeon)
 L - a +0 leather armour
   (You found it on level 3 of the Dungeon)
Jewellery
 o - a ring of ice
   (You found it on level 1 of the Dungeon)
Scrolls
 w - a scroll of vulnerability {!r!r}
 x - a scroll of teleportation {@r4}
Potions
 h - 2 potions of flight
 i - a potion of berserk rage {unknown}
 k - a potion of invisibility {unknown}
 r - a potion of curing {unknown}
 z - 2 potions of might
 G - a potion of cancellation {unknown}
 H - a potion of lignification {unknown}
 K - a potion of attraction {unknown}

Dungeon Overview and Level Annotations

Branches:
Dungeon (4/15) Zot: 20688
 Temple: D:4-7

Altars:
Yredelemnul
Zin

,,,***>,,,,,*##.##.##.....##,##..
,*,,**,,*,,**#.##...##...##,,,##.
,******,****##.+..⌠..##'##,,,,,##
** **,** #..##...##...##,,,##.
*,,*##...##.##.....#*,##..
*#,*#....##''...♣...#+#...
#..#)..(##.##.....##,##..
*#.....##...##...##,,,##.
##....J@.⌠..##'##,,,,,##
#....##...##,..#*,,,##.
##...###.##,,...#*,##..
*#...#*#+#,,,....#+#...
*#....#,,,**,,,..##,##..
*#......,*****,,,**,,,##.
*#....##.,******+**,,,,,##
*....#***,,**,,,,,**,,,*#.
**,,,** **,,,,,,,,,**,**##


You could see an endoplasm.


Message History

An ogre comes into view. It is wielding a +0 giant spiked club.
There is an open door here.
Danger!
An ogre opens the door.
You throw a poisoned dart {throwing}.
The poisoned dart {throwing} barely misses the ogre.
No target in view!
Unknown command.
Unknown command.
There is an open door here.
Unknown command.
Unknown command.
Unknown command.
Danger!
Unknown command.
You throw a poisoned dart {throwing}.
The poisoned dart {throwing} hits the ogre.
The ogre is poisoned.
Unknown command.
You throw a poisoned dart {throwing}.
The poisoned dart {throwing} hits the ogre.
The ogre looks even sicker.
Unknown command.
Unknown command.
There is an open door here.
Unknown command.
Unknown command.
You barely miss the ogre. You bite the ogre, but do no damage.
The ogre hits you with a +0 giant spiked club!
You hit the ogre. You bite the ogre, but do no damage.
Unknown command.
You barely miss the ogre. Your bite misses the ogre.
The ogre closely misses you.
Unknown command.
You hit the ogre. You bite the ogre.
You kill the ogre!
Your Stealth skill increases to level 9!
You have reached level 6!
Unknown command.
Unknown command.
Things that are here:
a +0 giant spiked club {mace}; an ogre corpse
There is an open door here.
There is an open door here.
d - 7 poisoned darts {throwing} (gained 1)
d - 8 poisoned darts {throwing} (gained 1)
There is an open door here.
There is an open door here.
An endoplasm comes into view.
There is an open door here.
You see here a poisoned dart {throwing}.
Danger!
An iguana comes into view.
The iguana hisses angrily.
The endoplasm quivers.
The iguana closely misses you.
You hit the iguana. Your bite misses the iguana. You block the iguana's attack.
You hit the iguana but do no damage. The iguana completely misses you.
You closely miss the iguana. You bite the iguana, but do no damage.
The iguana bites you but does no damage.
The endoplasm hits you but does no damage.
You hit the iguana. You bite the iguana, but do no damage.
The iguana completely misses you. You block the endoplasm's attack.
You hit the iguana but do no damage. You bite the iguana, but do no damage.
The iguana bites you! The endoplasm freezes you.
You are frozen.
You are too injured to fight recklessly!
You are too injured to fight recklessly!
Unknown command.
You hit the iguana. The endoplasm freezes you.
You are frozen.
You block the iguana's attack.
You hit the iguana but do no damage. You bite the iguana. You drain its power.
You feel invigorated. You block the iguana's attack. The endoplasm freezes you.
You are frozen.
* * * LOW HITPOINT WARNING * * *
Unknown command.
You barely miss the iguana. The iguana barely misses you.
The endoplasm hits you but does no damage.
Unknown command.
There is an open door here.
You see here a poisoned dart {throwing}.
Unknown command.
You hit the iguana. You bite the iguana. You drain its power.
You feel invigorated.
The iguana bites you but does no damage.
You barely miss the iguana. The iguana bites you!
* * * LOW HITPOINT WARNING * * *
You barely miss the iguana. Your bite misses the iguana. The iguana bites you!
* * * LOW HITPOINT WARNING * * *
Unknown command.
You hit the iguana.
You kill the iguana!
Unknown command.
You hit the endoplasm. The endoplasm freezes you.
You are frozen.
You die...

Skill      XL: |  1  2  3  4  5 |
---------------+----------------+-----
Stealth        | 5 6 7 9 |  9.2
Short Blades   | 2 |  2.0
Fighting       | |  1.7
Throwing       | |  1.7
Dodging        | |  0.7

Action                   |  1- 3 |  4- 6 || total
-------------------------+-------+-------++-------
Melee: Dagger            |    75 |    91 ||   166
       Bite              |    15 |    31 ||    46
       Punch             |       |     1 ||     1
Throw: Dart              |     1 |     6 ||     7
  Use: Scroll            |       |    12 ||    12
 Stab: Sleeping          |     6 |     6 ||    12
       Distracted        |       |     3 ||     3
Armor: Robe              |    17 |    17 ||    34
Dodge: Dodged            |    50 |    32 ||    82
Block: Buckler           |       |     7 ||     7

Levels and vault maps discovered:
D:1:      dpeg_arrival_pond, layout_rooms, ebering_ecumenical_altar_box,
          nicolae_figureground_sparkle
D:2:      layout_basic, basic_altar, chequers_serial_rivers_large_a
D:3:      layout_basic, mainiacjoe_overflow_surrounded_room
D:4:      old_forge, layout_cave_pods, lemuel_coloured_pillars_altar,
          nicolae_hexahallways

Notes
Turn   | Place    | Note
-------+----------+-------------------------------------------
     0 | D:1      | Sobieck the Vine Stalker Brigand began the quest for the
                  | Orb.
     0 | D:1      | Reached XP level 1. HP: 11/11 MP: 2/2
   148 | D:1      | Reached skill level 5 in Stealth
   157 | D:1      | Reached skill level 2 in Short Blades
   177 | D:1      | Reached XP level 2. HP: 11/15 MP: 3/3
   666 | D:1      | Found a faded altar of an unknown god.
   942 | D:2      | Reached skill level 6 in Stealth
   942 | D:2      | Reached XP level 3. HP: 6/18 MP: 4/4
  1376 | D:2      | Found a basalt altar of Yredelemnul.
  1567 | D:2      | HP: 4/18 [ball python (1)]
  1571 | D:2      | Gained mutation: Your natural rate of healing is unusually
                  | fast. [Vine Stalker growth]
  1571 | D:2      | Reached XP level 4. HP: 4/23 MP: 2/5
  1928 | D:2      | You pick up a book of Burglary and begin reading...
  1928 | D:2      | You add the spells Passwall, Ensorcelled Hibernation and
                  | Swiftness to your library.
  2292 | D:3      | Reached skill level 7 in Stealth
  2375 | D:3      | You pick up a book of Debilitation and begin reading...
  2375 | D:3      | You add the spells Slow, Vampiric Draining and Confusing
                  | Touch to your library.
  2386 | D:3      | Reached XP level 5. HP: 26/26 MP: 6/6
  2495 | D:3      | Reached skill level 8 in Stealth
  2746 | D:3      | Found a glowing silver altar of Zin.
  3226 | D:4      | Noticed an ogre
  3247 | D:4      | Killed an ogre
  3248 | D:4      | Reached skill level 9 in Stealth
  3248 | D:4      | Reached XP level 6. HP: 23/30 MP: 4/7
  3311 | D:4      | HP: 1/30 [iguana (9)]
  3313 | D:4      | Frozen to death by an endoplasm

Vanquished Creatures
  An ogre (D:4)
  An iguana (D:4)
  4 gnolls (D:3)
  6 adders
  7 orcs (D:3)
  3 endoplasms
  2 giant cockroaches
  5 goblins
  6 hobgoblins
  5 kobolds
  2 quokkas (D:2)
  8 ball pythons
  5 bats
  3 frilled lizards
  3 rats
61 creatures vanquished.

Table legend:
 A = Non-vault XP
 B = Vault XP
 C = Vault XP percentage of total XP
 D = Non-vault monster count
 E = Vault monster count
 F = Vault count percentage of total count
                 A         B        C        D         E       F
            +---------+---------+-------+---------+---------+-------
      Total |     384 |       0 |   0.0 |      61 |       0 |   0.0
            +---------+---------+-------+---------+---------+-------
        D:1 |      25 |       0 |   0.0 |      18 |       0 |   0.0
        D:2 |      67 |       0 |   0.0 |      19 |       0 |   0.0
        D:3 |     128 |       0 |   0.0 |      20 |       0 |   0.0
        D:4 |     164 |       0 |   0.0 |       4 |       0 |   0.0
            +---------+---------+-------+---------+---------+-------

Illustrated notes

Table legend:
 A = Kills in this place as a percentage of kills in entire the game.
 B = Kills by you in this place as a percentage of kills by you in the entire game.
 C = Kills by friends in this place as a percentage of kills by friends in the entire game.
 D = Other kills in this place as a percentage of other kills in the entire game.
 E = Experience gained in this place as a percentage of experience gained in the entire game.
 F = Experience gained in this place divided by the number of levels of this place that you have seen.
                   A       B       C       D       E      F
               +-------+-------+-------+-------+-------+----------------------
         Total | 100.0 | 100.0 |   N/A |   N/A | 100.0 |  96.0
       Dungeon | 100.0 | 100.0 |   N/A |   N/A | 100.0 |  96.0
               +-------+-------+-------+-------+-------+----------------------

Table legend: (Time is in decaauts)
 A = Elapsed time spent in this place.
 B = Non-inter-level travel time spent in this place.
 C = Inter-level travel time spent in this place.
 D = Time resting spent in this place.
 E = Time spent auto-exploring this place.
 F = Levels seen in this place.
 G = Mean time per level.
                   A        B        C        D        E       F      G
               +--------+--------+--------+--------+--------+-----+--------+
         Total |   3310 |   3157 |    153 |    465 |   2105 |   4 |  827.5 |
       Dungeon |   3310 |   3157 |    153 |    465 |   2105 |   4 |  827.5 |
               +--------+--------+--------+--------+--------+-----+--------+

Top non-repeatable levels by time:
     D:2: 1396 daAuts
     D:1: 850 daAuts
     D:3: 786 daAuts
     D:4: 276 daAuts
